| TOP OF THE 1ST |
|
Lakewood BlueClaws batting - Pitching for Greensboro Grasshoppers : RHP Andy Gibson
|
|
Pitching: RHP Andy Gibson
|
|
|
Batting: LHB Jonathan Roman
|
0-0: Foul Ball, location: 2F 0-1: Ball 1-1: Called Strike 1-2: Ball 2-2: Ball 3-2: Base on Balls
|
|
Batting: LHB Matt Urbanek
|
0-0: Ball 1-0: Ball 2-0: Ball 3-0: Called Strike 3-1: Swinging Strike 3-2: Grounds into double play, 5-4-3 (Groundball, 15, EV 84.4 MPH)
|
|
Batting: RHB Alan Weller
|
0-0: Ball 1-0: Foul Ball, location: 2F 1-1: SINGLE (Line Drive, 34, EV 95.0 MPH)
|
|
Batting: LHB Josh George
|
0-0: Called Strike 0-1: Ground out 6-3 (Groundball, P, EV 86.2 MPH)
|
| Top of the 1st over - 0 runs, 1 hit, 0 errors, 1 left on base; Lakewood 0 - Greensboro 0 |
| BOTTOM OF THE 1ST |
|
Greensboro Grasshoppers batting - Pitching for Lakewood BlueClaws : RHP Shamar Hansford
|
|
Pitching: RHP Shamar Hansford
|
|
|
Batting: RHB Hikaru Nakata
|
0-0: Called Strike 0-1: Ball 1-1: Called Strike 1-2: Foul Ball, location: 2F 1-2: Fly out, F8 (Line Drive, 8LM, EV 101.2 MPH)
|
|
Batting: LHB Angelo Estrella
|
0-0: Called Strike 0-1: Ball 1-1: Ball 2-1: SINGLE (Flyball, 5D, EV 90.6 MPH)
|
|
Batting: LHB Dong-u Chang
|
0-0: Ball 1-0: Foul Ball, location: 2F 1-1: Ball 2-1: Foul Ball, location: 2F 2-2: Fly out, F2 (Popup, 2LF, EV 91.9 MPH)
|
|
Batting: RHB Miguel Velasco
|
0-0: Ball Angelo Estrella steals 2nd base 1-0: Foul Ball, location: 2F 1-1: Ball 2-1: Called Strike 2-2: SINGLE (Flyball, 8RS, EV 89.4 MPH) Angelo Estrella to third
|
|
Batting: RHB Nate Crofts
|
0-0: Ball 1-0: Called Strike 1-1: Fly out, F8 (Flyball, 8RM, EV 96.2 MPH)
|
| Bottom of the 1st over - 0 runs, 2 hits, 0 errors, 2 left on base; Lakewood 0 - Greensboro 0 |
| TOP OF THE 2ND |
|
Lakewood BlueClaws batting - Pitching for Greensboro Grasshoppers : RHP Andy Gibson
|
|
Batting: RHB Mike Maserang
|
0-0: Called Strike 0-1: Ball 1-1: Called Strike 1-2: SINGLE (Line Drive, 8RS, EV 91.9 MPH)
|
|
Batting: SHB Steve DeRienzo
|
0-0: Called Strike 0-1: Ball 1-1: Ball 2-1: Ball 3-1: Fielders Choice at 2nd, 6-4 (Groundball, 6, EV 84.4 MPH)
|
|
Batting: RHB Kyle Reilly
|
0-0: Ball 1-0: Called Strike 1-1: DOUBLE (Flyball, 8RXD, EV 106.2 MPH) Steve DeRienzo to third Runner from 3rd tries for Home, SAFE, no throw by CF
|
|
Batting: LHB Eric Farren
|
0-0: Called Strike 0-1: Ground out 4-3 (Groundball, 4, EV 106.2 MPH) Kyle Reilly to third
|
|
Batting: RHB Trent Hedrick
|
0-0: Called Strike 0-1: Ball 1-1: Ball 2-1: Fly out, F8 (Flyball, 8RXD, EV 101.2 MPH)
|
| Top of the 2nd over - 1 run, 2 hits, 0 errors, 1 left on base; Lakewood 1 - Greensboro 0 |
| BOTTOM OF THE 2ND |
|
Greensboro Grasshoppers batting - Pitching for Lakewood BlueClaws : RHP Shamar Hansford
|
|
Batting: LHB Ryan Thompson
|
0-0: Called Strike 0-1: Ball 1-1: Called Strike 1-2: Ball 2-2: Ball 3-2: SINGLE (Groundball, 13S, EV 65.0 MPH) (infield hit)
|
|
Batting: RHB J.D. Vander Klok
|
0-0: Ball 1-0: Foul Ball, location: 2F 1-1: Foul Ball, location: 2F 1-2: Ball 2-2: Foul Ball, location: 2F 2-2: Fly out, F7 (Flyball, 78M, EV 80.6 MPH)
|
|
Batting: LHB Jose Cabello
|
0-0: Swinging Strike 0-1: Ball 1-1: Ball 2-1: Called Strike 2-2: Ball 3-2: Base on Balls Ryan Thompson to second
|
|
Batting: RHB Nick Dunton
|
0-0: Foul Ball, location: 2F 0-1: Ball 1-1: Foul Ball, location: 2F 1-2: Fielders Choice at 2nd, 3-6 (Groundball, 34S, EV 90.6 MPH) Ryan Thompson to third
|
|
Batting: RHB Hikaru Nakata
|
0-0: Ball 1-0: Ball 2-0: Ground out 1-3 (Groundball, P, EV 68.1 MPH)
|
| Bottom of the 2nd over - 0 runs, 1 hit, 0 errors, 2 left on base; Lakewood 1 - Greensboro 0 |
| TOP OF THE 3RD |
|
Lakewood BlueClaws batting - Pitching for Greensboro Grasshoppers : RHP Andy Gibson
|
|
Batting: LHB Jonathan Roman
|
0-0: Swinging Strike 0-1: DOUBLE (Line Drive, 89XD, EV 103.1 MPH)
|
|
Batting: LHB Matt Urbanek
|
0-0: SINGLE (Groundball, 6D, EV 101.2 MPH) Jonathan Roman to third Runner from 3rd tries for Home, SAFE, throw by CF to home
|
|
Now in CF: Tom Thompson
|
|
|
Batting: RHB Alan Weller
|
0-0: Ball 1-0: Ball 2-0: Called Strike 2-1: Foul Ball, location: 2F 2-2: SINGLE (Flyball, 4MD, EV 85.0 MPH) Matt Urbanek to second
|
|
Batting: LHB Josh George
|
0-0: Called Strike 0-1: Foul Ball, location: 2F 0-2: Strikes out swinging
|
|
Batting: RHB Mike Maserang
|
0-0: Ball 1-0: SINGLE (Groundball, 6MD, EV 104.4 MPH) Matt Urbanek to third Alan Weller to second
|
|
Batting: SHB Steve DeRienzo
|
0-0: Fielders Choice at 2nd, 4-6 (Groundball, 34D, EV 103.1 MPH) Matt Urbanek scores Alan Weller to third
|
|
Batting: RHB Kyle Reilly
|
0-0: Fielders Choice at 2nd, 5-4 (Groundball, 5, EV 89.4 MPH)
|
| Top of the 3rd over - 2 runs, 4 hits, 0 errors, 2 left on base; Lakewood 3 - Greensboro 0 |
| BOTTOM OF THE 3RD |
|
Greensboro Grasshoppers batting - Pitching for Lakewood BlueClaws : RHP Shamar Hansford
|
|
Batting: LHB Angelo Estrella
|
0-0: Ball 1-0: Foul Ball, location: 2F 1-1: Ball 2-1: Ball 3-1: Foul Ball, location: 2F 3-2: Foul Ball, location: 2F 3-2: Base on Balls
|
|
Batting: LHB Dong-u Chang
|
0-0: Ball 1-0: Fly out, F9 (Flyball, 9, EV 85.0 MPH)
|
|
Batting: RHB Miguel Velasco
|
0-0: Foul Ball, location: 2F 0-1: Ball 1-1: Ball 2-1: SINGLE (Groundball, 56D, EV 95.0 MPH) Angelo Estrella to second
|
|
Batting: RHB Nate Crofts
|
0-0: Called Strike 0-1: Fly out, F9 (Line Drive, 89M, EV 106.9 MPH)
|
|
Batting: LHB Ryan Thompson
|
0-0: Called Strike 0-1: Ball 1-1: Called Strike 1-2: SINGLE (Groundball, 34D, EV 107.5 MPH) Angelo Estrella to third Miguel Velasco to second Runner from 3rd tries for Home, SAFE, throw by RF to home
|
|
Batting: RHB J.D. Vander Klok
|
0-0: Called Strike 0-1: Ball 1-1: Called Strike 1-2: Ball 2-2: Fly out, F3 (Popup, 34, EV 65.6 MPH)
|
| Bottom of the 3rd over - 1 run, 2 hits, 0 errors, 2 left on base; Lakewood 3 - Greensboro 1 |
| TOP OF THE 4TH |
|
Lakewood BlueClaws batting - Pitching for Greensboro Grasshoppers : RHP Andy Gibson
|
|
Batting: LHB Eric Farren
|
0-0: Ball 1-0: Called Strike 1-1: Ball 2-1: Foul Ball, location: 2F 2-2: Fly out, F6 (Flyball, 6MD, EV 82.5 MPH)
|
|
Batting: RHB Trent Hedrick
|
0-0: Fly out, F7 (Flyball, 78S, EV 87.5 MPH)
|
|
Batting: LHB Jonathan Roman
|
0-0: Ball 1-0: Ground out 4-3 (Groundball, 4S, EV 66.9 MPH)
|
| Top of the 4th over - 0 runs, 0 hits, 0 errors, 0 left on base; Lakewood 3 - Greensboro 1 |
| BOTTOM OF THE 4TH |
|
Greensboro Grasshoppers batting - Pitching for Lakewood BlueClaws : RHP Shamar Hansford
|
|
Batting: LHB Jose Cabello
|
0-0: Called Strike 0-1: Fly out, F9 (Flyball, 9LSF, EV 83.1 MPH)
|
|
Batting: RHB Nick Dunton
|
0-0: Called Strike 0-1: Foul Ball, location: 2F 0-2: Ball 1-2: Strikes out swinging
|
|
Batting: RHB Tom Thompson
|
0-0: Ball 1-0: Foul Ball, location: 2F 1-1: Fly out, F7 (Line Drive, 7, EV 108.1 MPH)
|
| Bottom of the 4th over - 0 runs, 0 hits, 0 errors, 0 left on base; Lakewood 3 - Greensboro 1 |
| TOP OF THE 5TH |
|
Lakewood BlueClaws batting - Pitching for Greensboro Grasshoppers : RHP Andy Gibson
|
|
Batting: LHB Matt Urbanek
|
0-0: Called Strike 0-1: Ball 1-1: Ball 2-1: Ground out 6-3 (Groundball, 6M, EV 105.0 MPH)
|
|
Batting: RHB Alan Weller
|
0-0: Called Strike 0-1: Foul Ball, location: 2F 0-2: Ball 1-2: Strikes out swinging
|
|
Batting: LHB Josh George
|
0-0: Called Strike 0-1: Foul Ball, location: 2F 0-2: Foul Ball, location: 2F 0-2: Ball 1-2: Strikes out swinging
|
| Top of the 5th over - 0 runs, 0 hits, 0 errors, 0 left on base; Lakewood 3 - Greensboro 1 |
| BOTTOM OF THE 5TH |
|
Greensboro Grasshoppers batting - Pitching for Lakewood BlueClaws : RHP Shamar Hansford
|
|
Batting: LHB Angelo Estrella
|
0-0: Ball 1-0: Ball 2-0: Foul Ball, location: 2F 2-1: Fly out, F5 (Line Drive, 5L, EV 67.5 MPH)
|
|
Batting: LHB Dong-u Chang
|
0-0: Ball 1-0: Ball 2-0: Called Strike 2-1: Fly out, F9 (Flyball, 89D, EV 76.2 MPH)
|
|
Pitching: RHP Jeff van Schaik
|
|
|
Batting: RHB Miguel Velasco
|
0-0: Ball 1-0: Ball 2-0: Swinging Strike 2-1: Foul Ball, location: 2F 2-2: Strikes out looking
|
| Bottom of the 5th over - 0 runs, 0 hits, 0 errors, 0 left on base; Lakewood 3 - Greensboro 1 |
| TOP OF THE 6TH |
|
Lakewood BlueClaws batting - Pitching for Greensboro Grasshoppers : RHP Andy Gibson
|
|
Batting: RHB Mike Maserang
|
0-0: Ball 1-0: Called Strike 1-1: Ball 2-1: Ball 3-1: Base on Balls
|
|
Batting: SHB Steve DeRienzo
|
0-0: Foul Ball, location: 2F 0-1: DOUBLE (Line Drive, 9LM, EV 96.2 MPH) Mike Maserang to third
|
|
Batting: RHB Kyle Reilly
|
0-0: SINGLE (Line Drive, 8LS, EV 91.9 MPH) Mike Maserang scores Steve DeRienzo to third
|
|
Batting: LHB Eric Farren
|
0-0: Ball 1-0: Ball 2-0: Swinging Strike 2-1: Ball Kyle Reilly is caught stealing 2nd base 2-6 3-1: Foul Ball, location: 2F 3-2: SINGLE (Flyball, 34D, EV 90.0 MPH) Steve DeRienzo scores
|
|
Pitching: RHP Aidan Mitchell
|
|
|
Batting: RHB Trent Hedrick
|
0-0: Fly out, F9 (Flyball, 9D, EV 76.9 MPH)
|
|
Batting: LHB Jonathan Roman
|
0-0: Ball 1-0: Ball 2-0: Ball 3-0: Base on Balls Eric Farren to second
|
|
Batting: LHB Matt Urbanek
|
0-0: Ball 1-0: Reached on error, E5 (Groundball, 5L, EV 98.1 MPH) Eric Farren to third Jonathan Roman to second
|
|
Batting: RHB Alan Weller
|
0-0: Ground out 4-3 (Groundball, 4, EV 110.6 MPH)
|
| Top of the 6th over - 2 runs, 3 hits, 1 error, 3 left on base; Lakewood 5 - Greensboro 1 |
| BOTTOM OF THE 6TH |
|
Greensboro Grasshoppers batting - Pitching for Lakewood BlueClaws : RHP Jeff van Schaik
|
|
Batting: RHB Nate Crofts
|
0-0: Ball 1-0: Ball 2-0: SINGLE (Groundball, 34D, EV 102.5 MPH)
|
|
Batting: LHB Ryan Thompson
|
0-0: Ball 1-0: Ball 2-0: Called Strike 2-1: Ball 3-1: Base on Balls Nate Crofts to second
|
|
Batting: RHB J.D. Vander Klok
|
0-0: Foul Ball, location: 2F 0-1: Fly out, F9 (Flyball, 9D, EV 103.1 MPH) Runner from 2nd tags up, SAFE at 3rd, no throw by RF
|
|
Batting: LHB Jose Cabello
|
0-0: Foul Ball, location: 2F 0-1: Fly out, F9 (Flyball, 9LD, EV 105.6 MPH) Runner from 3rd tags up, SCORES, no throw by RF
|
|
Batting: RHB Nick Dunton
|
0-0: Ball 1-0: Ball 2-0: Foul Ball, location: 2F 2-1: Ball 3-1: Base on Balls Ryan Thompson to second
|
|
Batting: RHB Tom Thompson
|
0-0: Ball 1-0: Foul Ball, location: 2F 1-1: Ball 2-1: Fly out, F9 (Flyball, 89S, EV 86.2 MPH)
|
| Bottom of the 6th over - 1 run, 1 hit, 0 errors, 2 left on base; Lakewood 5 - Greensboro 2 |
| TOP OF THE 7TH |
|
Lakewood BlueClaws batting - Pitching for Greensboro Grasshoppers : RHP Aidan Mitchell
|
|
Batting: LHB Josh George
|
0-0: Ball 1-0: Called Strike 1-1: Swinging Strike 1-2: Ground out U3 (Groundball, 3S, EV 67.5 MPH)
|
|
Batting: RHB Mike Maserang
|
0-0: Ball 1-0: Swinging Strike 1-1: Ground out U3 (Groundball, 34S, EV 90.0 MPH)
|
|
Batting: SHB Steve DeRienzo
|
0-0: Ball 1-0: SINGLE (Line Drive, 56D, EV 98.8 MPH)
|
|
Batting: RHB Kyle Reilly
|
0-0: Ball Steve DeRienzo steals 2nd base 1-0: Ball 2-0: Called Strike 2-1: Swinging Strike 2-2: Fly out, F9 (Flyball, 9D, EV 101.2 MPH)
|
| Top of the 7th over - 0 runs, 1 hit, 0 errors, 1 left on base; Lakewood 5 - Greensboro 2 |
| BOTTOM OF THE 7TH |
|
Greensboro Grasshoppers batting - Pitching for Lakewood BlueClaws : RHP Jeff van Schaik
|
|
Pitching: RHP Ron Knowles
|
|
|
Batting: LHB Angelo Estrella
|
0-0: Ball 1-0: Foul Ball, location: 2F 1-1: SINGLE (Flyball, 8RS, EV 98.8 MPH)
|
|
Batting: LHB Dong-u Chang
|
0-0: Ball 1-0: Ball 2-0: Ball 3-0: Called Strike 3-1: Foul Ball, location: 2F 3-2: Foul Ball, location: 2F 3-2: Fly out, F8 (Flyball, 8RD, EV 98.8 MPH)
|
|
Batting: RHB Miguel Velasco
|
0-0: Swinging Strike 0-1: Foul Ball, location: 2F 0-2: Ball 1-2: Foul Ball, location: 2F 1-2: Ball 2-2: Ball 3-2: Grounds into double play, 4-6-3 (Groundball, 4, EV 90.6 MPH)
|
| Bottom of the 7th over - 0 runs, 1 hit, 0 errors, 0 left on base; Lakewood 5 - Greensboro 2 |
| TOP OF THE 8TH |
|
Lakewood BlueClaws batting - Pitching for Greensboro Grasshoppers : RHP Aidan Mitchell
|
|
Batting: LHB Eric Farren
|
0-0: Ball 1-0: Called Strike 1-1: Called Strike 1-2: Strikes out swinging
|
|
Batting: RHB Trent Hedrick
|
0-0: SINGLE (Line Drive, 34, EV 104.4 MPH)
|
|
Batting: LHB Jonathan Roman
|
0-0: Ball 1-0: Ball Trent Hedrick is caught stealing 2nd base 2-6 2-0: Ball 3-0: Called Strike 3-1: Base on Balls
|
|
Batting: LHB Matt Urbanek
|
0-0: Called Strike 0-1: Swinging Strike 0-2: DOUBLE (Flyball, 78D, EV 98.1 MPH) Jonathan Roman to third Runner from 3rd tries for Home, SAFE, throw by CF to home
|
|
Pitching: LHP Mike Wasson
|
|
|
Batting: RHB Alan Weller
|
0-0: Swinging Strike 0-1: SINGLE (Line Drive, 34D, EV 94.4 MPH) Matt Urbanek to third Runner from 3rd tries for Home, throw by RF and OUT! 9-2
|
| Top of the 8th over - 1 run, 3 hits, 0 errors, 1 left on base; Lakewood 6 - Greensboro 2 |
| BOTTOM OF THE 8TH |
|
Greensboro Grasshoppers batting - Pitching for Lakewood BlueClaws : RHP Ron Knowles
|
|
Pitching: RHP Alec Guglielmo
|
|
|
Batting: RHB Nate Crofts
|
0-0: Ball 1-0: SINGLE (Groundball, 56D, EV 96.9 MPH)
|
|
Batting: LHB Ryan Thompson
|
0-0: Called Strike 0-1: Foul Ball, location: 2F 0-2: Ball 1-2: Strikes out swinging
|
|
Pinch Hitting: LHB Ryan Karg
|
0-0: Ball 1-0: Ball 2-0: Called Strike 2-1: Called Strike 2-2: Ball 3-2: SINGLE (Groundball, 34D, EV 95.0 MPH) Nate Crofts to second Runner from 2nd tries for 3rd, SAFE, throw by RF made to third Ryan Karg to second
|
|
Batting: LHB Jose Cabello
|
0-0: Ball 1-0: Swinging Strike 1-1: Ball 2-1: Swinging Strike 2-2: Ball 3-2: Foul Ball, location: 2F 3-2: Foul Ball, location: 2F 3-2: Foul Ball, location: 2F 3-2: Foul Ball, location: 2F 3-2: Ground out 4-3 (Groundball, 34, EV 78.8 MPH) Nate Crofts scores Ryan Karg to third
|
|
Pitching: RHP Ramon Mena
|
|
|
Batting: RHB Nick Dunton
|
0-0: Ball 1-0: Ground out 4-3 (Groundball, 4, EV 90.6 MPH)
|
| Bottom of the 8th over - 1 run, 2 hits, 0 errors, 1 left on base; Lakewood 6 - Greensboro 3 |
| TOP OF THE 9TH |
|
Lakewood BlueClaws batting - Pitching for Greensboro Grasshoppers : LHP Mike Wasson
|
|
Now at 2B: Nick Dunton
|
|
|
Now at 3B: Alberto Bravo
|
|
|
Pinch Hitting: RHB Tony Perez
|
0-0: Ball 1-0: Swinging Strike 1-1: Ball 2-1: Ground out 1-3 (Groundball, 13S, EV 62.5 MPH)
|
|
Batting: RHB Mike Maserang
|
0-0: Ground out 4-3 (Groundball, 4MS, EV 81.9 MPH)
|
|
Batting: SHB Steve DeRienzo
|
0-0: Swinging Strike 0-1: Ground out U3 (Groundball, 13, EV 82.5 MPH)
|
| Top of the 9th over - 0 runs, 0 hits, 0 errors, 0 left on base; Lakewood 6 - Greensboro 3 |
| BOTTOM OF THE 9TH |
|
Greensboro Grasshoppers batting - Pitching for Lakewood BlueClaws : RHP Ramon Mena
|
|
Now in CF: Juan Valadez
|
|
|
Now in RF: Steve DeRienzo
|
|
|
Batting: RHB Tom Thompson
|
0-0: Called Strike 0-1: Ball 1-1: Ball 2-1: Foul Ball, location: 2F 2-2: DOUBLE (Flyball, 8LXD, EV 100.0 MPH)
|
|
Batting: LHB Angelo Estrella
|
0-0: Ball 1-0: Foul Ball, location: 2F 1-1: Ball 2-1: Ball 3-1: Ground out 6-3 (Groundball, 6, EV 89.4 MPH) Tom Thompson to third
|
|
Batting: LHB Dong-u Chang
|
0-0: Called Strike 0-1: Swinging Strike 0-2: Strikes out swinging
|
|
Batting: RHB Miguel Velasco
|
0-0: Ball 1-0: Ball 2-0: Ball 3-0: Base on Balls
|
|
Batting: RHB Nate Crofts
|
0-0: Ball 1-0: Called Strike 1-1: Called Strike 1-2: Ball 2-2: SINGLE (Groundball, 34D, EV 97.5 MPH) Tom Thompson scores Miguel Velasco to second
|
|
Batting: LHB Ryan Thompson
|
0-0: Called Strike 0-1: Swinging Strike 0-2: Ball 1-2: Strikes out swinging
|
| Bottom of the 9th over - 1 run, 2 hits, 0 errors, 2 left on base; Lakewood 6 - Greensboro 4 |
|